 Dungeon Crawl Stone Soup version 0.24.0-2-g5b39cebb1c (webtiles) character file.

Game seed: 8409777120990578060, levelgen mode: deterministic

126 Mrkan the Skirmisher (level 4, -1/41 HPs)
             Began as a Minotaur Fighter on Oct 31, 2019.
             Was an Initiate of Yredelemnul.
             Slain by Grinder (2 damage)
             ... on level 3 of the Dungeon.
             The game lasted 00:03:41 (1203 turns).

Mrkan the Skirmisher (Minotaur Fighter)             Turns: 1203, Time: 00:03:42

Health: -1/41      AC:  7    Str: 25    XL:     4   Next: 84%
Magic:  3/3        EV:  7    Int:  5    God:    Yredelemnul [......]
Gold:   34         SH: 10    Dex: 11    Spells: 3/3 levels left

rFire    . . .     SeeInvis .   a - +0 war axe
rCold    . . .     Gourm    .   c - +0 shield
rNeg     . . .     Faith    .   b - +0 scale mail
rPois    .         Spirit   .   (helmet restricted)
rElec    .         Reflect  .   (no cloak)
rCorr    .         Harm     .   (no gloves)
MR       .....                  (no boots)
Stlth    ..........             (no amulet)
HPRegen  0.13/turn              (no ring)
MPRegen  0.08/turn              (no ring)

@: mighty
A: retaliatory headbutt, horns 2
a: Renounce Religion


You were on level 3 of the Dungeon.
You worshipped Yredelemnul.
Yredelemnul was noncommittal.
You were not hungry.

You visited 1 branch of the dungeon, and saw 3 of its levels.

You collected 34 gold pieces.

Inventory:

Hand Weapons
 a - a +0 war axe (weapon)
Armour
 b - a +0 scale mail (worn)
 c - a +0 shield (worn)
Scrolls
 e - a scroll of immolation {unknown}
 g - a scroll of remove curse {unknown}
 j - 2 scrolls of random uselessness {unknown}
 l - a scroll of blinking {unknown}
 m - 2 scrolls of teleportation {unknown}
 o - 2 scrolls of identify {unknown}
 p - a scroll of enchant armour {unknown}
Potions
 d - a potion of might
 i - a potion of resistance {unknown}
 k - a potion of flight {unknown}
 n - a potion of lignification {unknown}
 q - a potion of curing {unknown}
Comestibles
 f - 5 rations
 h - 3 chunks of flesh


   Skills:
 + Level 4.4 Fighting
 * Level 4.3 Axes
 + Level 4.4 Armour
 + Level 4.4 Shields


You had 3 spell levels left.
You didn't know any spells.
Your spell library was empty.

Dungeon Overview and Level Annotations

Branches:
Dungeon (3/15)

Altars:
Okawaru
Trog
Uskayaw
Vehumet
Yredelemnul

Annotations:
D:3 Grinder


Innate Abilities, Weirdness & Mutations

You reflexively headbutt those who attack you in melee.
You have a pair of horns on your head.


Message History

You barely miss Grinder.
Grinder is moderately wounded.
Grinder hits you.
You writhe in agony.
Grinder hits you but does no damage.
You completely miss Grinder.
Grinder is moderately wounded.
Grinder gestures at you.
You suddenly lose the ability to move!
Grinder hits you.
You writhe in agony.
* * * LOW HITPOINT WARNING * * *
Grinder hits you!
* * * LOW HITPOINT WARNING * * *
You writhe in agony.
* * * LOW HITPOINT WARNING * * *
Grinder hits you but does no damage.
You can move again.
You feel very mighty all of a sudden. Grinder hits you.
You die...
Your body rises from the dead as a mindless zombie.

# ###.###
.......##
........#######
#..........5@#
........#####.#
.....#..# #.#
.##. #..# #.#
.. ...# #.# ##
##### #.# ##+##
#.# ##...##
#.### ##.....##
#...#


You could see Grinder.

Vanquished Creatures
  A big kobold (D:3)
  An ooze (D:3)
  5 dart slugs
  A leopard gecko (D:1)
  3 giant cockroaches (D:3)
  5 goblins
  2 hobgoblins
  4 jackals (D:2)
  7 kobolds
  3 bats
  4 frilled lizards
  3 rats
39 creatures vanquished.

Notes
Turn   | Place    | Note
-------+----------+-------------------------------------------
     0 | D:1      | Mrkan the Minotaur Fighter began the quest for the Orb.
     0 | D:1      | Reached XP level 1. HP: 19/19 MP: 0/0
   103 | D:1      | Reached XP level 2. HP: 21/27 MP: 1/1
   634 | D:2      | Found a basalt altar of Yredelemnul.
   644 | D:2      | Became a worshipper of Yredelemnul the Dark
   700 | D:2      | Reached XP level 3. HP: 30/33 MP: 2/2
   731 | D:2      | Found a radiant altar of Vehumet.
   760 | D:2      | Found an iron altar of Okawaru.
  1039 | D:3      | Found a bloodstained altar of Trog.
  1072 | D:3      | Found a hide-covered altar of Uskayaw.
  1093 | D:3      | Noticed a big kobold
  1102 | D:3      | Killed a big kobold
  1102 | D:3      | Reached XP level 4. HP: 30/41 MP: 3/3
  1155 | D:3      | Noticed Grinder
  1156 | D:3      | Paralysed by Grinder for 3 turns
  1171 | D:3      | Paralysed by Grinder for 6 turns
  1199 | D:3      | Paralysed by Grinder for 4 turns
  1201 | D:3      | HP: 1/41 [Grinder (2)]
  1203 | D:3      | Slain by Grinder

Levels and vault maps discovered:
D:1:      tarquinn_simple_flora_water_d, layout_basic, serial_forest,
          infiniplex_forest_lined_corner, infiniplex_forest_corner_1,
          infiniplex_forest_clump_small, infiniplex_forest_straight_3,
          infiniplex_forest_lined_2, minivault_23, chequers_decorated_corner
D:2:      layout_rooms, vehumet_crystals, nicolae_overflow_crystal_walls,
          lemuel_tele_altar
D:3:      layout_loops_corners, chequers_temple_overflow_statue_of_worship,
          uniq_grinder, uniq_natasha

Skill      XL: |  1  2  3 |
---------------+----------+-----
Axes           | 3 4 |  4.3
Fighting       | 4 |  4.4
Armour         | 4 |  4.4
Shields        | 4 |  4.4

Action                   |  1- 3 |  4- 6 || total
-------------------------+-------+-------++-------
Melee: War axe           |    72 |    16 ||    88
       Headbutt          |     7 |     1 ||     8
  Use: Potion            |       |     1 ||     1
  Eat: Chunk             |     1 |       ||     1
Armor: Scale mail        |    29 |     5 ||    34
       Skin              |       |     7 ||     7
Dodge: Dodged            |    22 |     2 ||    24
Block: Shield            |    42 |     3 ||    45
